 Dungeon Sprint DCSS version 0.21-a0-417-g0adc95b (webtiles) character file.

15929 Kidiri the Fighter (level 12, -5/115 (116) HPs)
             Began as a Black Draconian Transmuter on Nov 3, 2017.
             Was the Champion of Wu Jian.
             Slain by a naga warrior
             ... wielding a +2 war axe of venom
              (27 damage)
             ... in the Dungeon (Sprint III: "The Ten Rune Challenge").
             The game lasted 00:22:13 (6663 turns).

Kidiri the Fighter (Black Draconian Transmuter)     Turns: 6663, Time: 00:22:14

HP:   -5/115 (116)  AC:  8    Str: 15    XL:     12   Next: 5%
MP:   20/24         EV: 14    Int: 14    God:    Wu Jian [******]
Gold: 68            SH:  0    Dex: 14    Spells: 0/28 levels left

rFire    . . .     SeeInvis .     - Unarmed
rCold    . . .     Gourm    .   (shield currently unavailable)
rNeg     . . .     Faith    .   (armour unavailable)
rPois    .         Spirit   .   (helmet restricted)
rElec    +         Reflect  .   (no cloak)
rCorr    .         Harm     .   (gloves currently unavailable)
MR       .....     NoTele   +   (no boots)
Stlth    ++........             (no amulet)
HPRegen  0.29/turn              (no ring)
MPRegen  0.19/turn              (no ring)

@: lethally poisoned (-5 -> -46), exhausted, short of breath, blade hands,
glowing, constricted, heavenly storm
A: breathe lightning, unfitting armour, beak, hooves 1, sense surroundings 1,
electricity resistance, cold-blooded, subdued magic 1, AC +8
a: Breathe Lightning, End Transformation, Serpent's Lash, Heavenly Storm,
Renounce Religion


You were in the Dungeon.
You worshipped Wu Jian.
Wu Jian was exalted by your worship.
You were hungry.
You had blades for hands.
You visited 1 branch You collected 68 gold pieces.

Inventory:

Hand Weapons
 d - a +0 blowgun
 k - a +0 quarterstaff
 s - a +0 blowgun
Missiles
 a - 75 arrows
 e - 7 javelins (quivered)
 h - 10 needles of sleeping
Armour
 n - a +0 robe
Wands
 m - a wand of acid (2/15)
Scrolls
 i - a scroll of enchant weapon {unknown}
 p - 2 scrolls of holy word {unknown}
 r - 3 scrolls of remove curse
 v - a scroll of amnesia {unknown}
 y - a scroll of magic mapping {unknown}
 A - a scroll of immolation {unknown}
Potions
 f - a potion of curing
 g - 2 potions of magic
 o - a potion of mutation
 q - a potion of brilliance
 t - a potion of invisibility
 u - a potion of cancellation
 x - 2 potions of agility
 z - 2 potions of flight
Books
 C - a book of Misfortune

   Spells                             Type                      Level
   a - Confusing Touch                Hexes                        1
   b - Confuse                        Hexes                        3
   c - Gell's Gravitas                Translocation                3
   d - Petrify                        Transmutation/Earth          4
   e - Metabolic Englaciation         Hexes/Ice                    5
   f - Yara's Violent Unravelling     Hexes/Transmutation          5
Comestibles
 b - 6 fruits
 c - 2 meat rations
 l - a bread ration
 w - 24 royal jellies


   Skills:
 * Level 13.9 Fighting
 + Level 8.8 Dodging
 + Level 9.3 Stealth
 * Level 13.2 Unarmed Combat
 + Level 8.9 Spellcasting
 + Level 4.3 Hexes
 * Level 13.1 Transmutations
 + Level 8.3 Ice Magic
 + Level 5.6 Earth Magic
 + Level 9.0 Poison Magic


You couldn't memorise any spells.
You knew the following spells:

 Your Spells              Type           Power        Failure   Level  Hunger
a - Beastly Appendage     Tmut           ####..       4%          1    None
b - Sticks to Snakes      Tmut           ####....     5%          2    None
c - Spider Form           Tmut/Pois      ####......   9%          3    ##.....
d - Ice Form              Ice/Tmut       ####....     14%         4    ####...
e - Petrify               Tmut/Erth      ####....     21%         4    ####...
f - Blade Hands           Tmut           ####......   14%         5    #####..
g - Yara's Violent Unrav  Hex/Tmut       ###.......   38%         5    #####..
h - Confusing Touch       Hex            ##....       17%         1    None
i - Confuse               Hex            ##......     32%         3    ##.....


Dungeon Overview and Level Annotations

Branches:
Dungeon (1/1)

Altars:
Cheibriados
Dithmenos
Elyvilon
Fedhas
Gozag
Hepliaklqana
Kikubaaqudgha
Makhleb
Nemelex Xobeh
Okawaru
Qazlal
Ru
Sif Muna
Trog
Uskayaw
Vehumet
Wu Jian
Xom
Yredelemnul
Zin
The Shining One
Beogh
Jiyva
Lugonu

Shops:
D %(}

Annotations:
D exclusion: door


Innate Abilities, Weirdness & Mutations

You can breathe wild blasts of lightning.
Your glossy black scales are hard. (AC +8)
You cannot fit into any form of body armour.
You are resistant to electric shocks. (rElec)
You are cold-blooded and may be slowed by cold attacks.
You have a beak for a mouth.
You have large cloven feet.
You passively map a small area around you.
Your spells are a little easier to cast, but a little less powerful.


Message History

You are more poisoned.
You spin and attack the naga warrior.
You slice the naga warrior!! Your kick misses the naga warrior.
You tail-slap the naga warrior.
The naga warrior is almost dead.
You spin and attack the nagaraja.
You shred the nagaraja!!!
The nagaraja is almost dead.
You feel very sick.
The naga warrior hits you with a war axe of venom!
You are more poisoned.
The naga warrior grabs you. The naga warrior constricts you.
The nagaraja hits you with a spear!!
* * * LOW HITPOINT WARNING * * *
Unknown command.
The naga warrior's grasp on you weakens, but your attempt to escape fails.
* * * LOW HITPOINT WARNING * * *
You feel very sick.
The nagaraja casts a spell.
The nagaraja seems to speed up.
The naga warrior hits you with a war axe of venom!!
You die...

≈≈
*###########..#
, ,, ≈
*##...........#
≈≈ ≈≈
#...........##
≈≈ ≈
#..########## *
≈ ≈
#...........##*
* ≈≈
##...........# *
, ≈
##########..# ,
##.§§N§§§§§..# ,
,
≈*#∩.§§@N§§§§.##
,,, ≈
#∩.##########
#∩, , , * , **,
, , ,,* , * * **
, * * ** * * *
,, * , ** , , ,
≈ , *


You could see a naga warrior and a nagaraja.

Vanquished Creatures
  Josephine (D)
  2 hydras (D)
  A centaur warrior (D)
  5 anacondas (D)
  Urug (D)
  A spriggan druid (D)
  A death drake (D)
  An unseen horror (D)
  A lindwurm (D)
  3 black mambas (D)
  2 spiny frogs (D)
  A komodo dragon (D)
  2 tyrant leeches (D)
  A queen bee (D)
  A blink frog (D)
  A snapping turtle (D)
  3 redbacks (D)
  2 spriggans (D)
  A shadow (D)
  3 wandering mushrooms (D)
  A spatial vortex (D)
  2 nagas (D)
  A hydra simulacrum (D)
  3 water moccasins (D)
  A necrophage (D)
  2 centaurs (D)
  An earth elemental (D)
  32 killer bees (D)
  An electric eel (D)
  A jelly (D)
  A wizard (D)
  Jessica (D)
  A necromancer (D)
  A polar bear simulacrum (D)
  2 wolf simulacra (D)
  3 humans (D)
  A kobold demonologist (D)
  8 adders (D)
  2 oozes (D)
  A phantom (D)
  A rat (D)
101 creatures vanquished.

Vanquished Creatures (collateral kills)
  A deep elf mage (D)
  A water elemental (D)
2 creatures vanquished.

Vanquished Creatures (others)
  2 draconian scorchers (D)
  6 hellions (D)
  2 yaktaurs (D)
10 creatures vanquished.

Grand Total: 113 creatures vanquished

Notes
Turn   | Place    | Note
-------+----------+-------------------------------------------
     0 | D        | Kidiri the Draconian Transmuter began the quest for the Orb.
     0 | D        | Reached XP level 1. HP: 16/16 MP: 3/3
    14 | D        | Reached skill level 1 in Stealth
    14 | D        | Reached XP level 2. HP: 24/24 MP: 3/5
    28 | D        | Learned a level 2 spell: Sticks to Snakes
    83 | D        | Noticed Jessica
    88 | D        | Killed a hellion
    88 | D        | Killed a hellion
    89 | D        | Killed Jessica
    89 | D        | Reached XP level 3. HP: 25/31 MP: 5/7
   102 | D        | Killed a hellion
   103 | D        | Killed a hellion
   114 | D        | Killed a hellion
   145 | D        | Learned a level 3 spell: Spider Form
   162 | D        | Killed a white draconian scorcher
   183 | D        | Killed a white draconian scorcher
   203 | D        | Killed a hellion
   367 | D        | Killed a yaktaur
   417 | D        | Gained mutation: Scrolls take you a little longer to read. [potion of mutation]
   417 | D        | Gained mutation: Your magical capacity is low. (-10% MP) [potion of mutation]
   417 | D        | Gained mutation: You passively map a small area around you. [potion of mutation]
   488 | D        | Lost mutation: Your magical capacity is low. (-10% MP) [potion of mutation]
   488 | D        | Lost mutation: Scrolls take you a little longer to read. [potion of mutation]
   488 | D        | Gained mutation: Your spells are a little easier to cast, but a little less powerful. [potion of mutation]
   488 | D        | Gained mutation: You have large cloven feet. [potion of mutation]
   488 | D        | Gained mutation: You have a beak for a mouth. [potion of mutation]
   502 | D        | Noticed a water elemental
   513 | D        | Killed a water elemental
   513 | D        | Reached skill level 5 in Unarmed Combat
   513 | D        | Reached skill level 1 in Poison Magic
   513 | D        | Reached XP level 4. HP: 21/41 MP: 1/8
   666 | D        | Found an ornate altar of the Wu Jian Council.
   666 | D        | Found a roughly hewn altar of Beogh.
   666 | D        | Found an iron altar of Okawaru.
   666 | D        | Found a bloodstained altar of Trog.
   666 | D        | Found a hide-covered altar of Uskayaw.
   666 | D        | Noticed a human
   667 | D        | Noticed a human
   669 | D        | Became a worshipper of the Wu Jian Council
   675 | D        | Killed a human
   675 | D        | Reached skill level 5 in Transmutations
   675 | D        | Reached XP level 5. HP: 36/50 MP: 6/11
   681 | D        | Killed a human
   681 | D        | Reached XP level 6. HP: 28/58 MP: 6/12
   702 | D        | Learned a level 4 spell: Ice Form
   879 | D        | Found a radiant altar of Vehumet.
   880 | D        | Found a deep blue altar of Sif Muna.
   880 | D        | Found an ancient bone altar of Kikubaaqudgha.
   881 | D        | Reached * piety under Wu Jian
   935 | D        | Found a glowing silver altar of Zin.
   936 | D        | Found a glowing golden altar of the Shining One.
   936 | D        | Found a white marble altar of Elyvilon.
   936 | D        | Noticed a deep elf mage
   938 | D        | Noticed a red devil
   942 | D        | Noticed a demonic crawler
   942 | D        | Noticed a tarantella
   952 | D        | Noticed a redback
   952 | D        | Killed a deep elf mage
   952 | D        | Reached skill level 5 in Dodging
   952 | D        | Reached skill level 5 in Stealth
   952 | D        | Reached skill level 5 in Spellcasting
   952 | D        | Your scales start taking on a glossy black colour.
   952 | D        | Reached XP level 7. HP: 5/68 MP: 5/14
   952 | D        | Gained mutation: You are resistant to electric shocks. (rElec) [Black Draconian growth]
   972 | D        | Learned a level 5 spell: Blade Hands
  1257 | D        | Found a basalt altar of Yredelemnul.
  1257 | D        | Found a shadowy altar of Dithmenos.
  1257 | D        | Found a sacrificial altar of Ru.
  1260 | D        | Reached ** piety under Wu Jian
  1295 | D        | Noticed a shadow
  1298 | D        | Killed a shadow
  1298 | D        | Reached XP level 8. HP: 75/75 MP: 9/16
  1341 | D        | Found a blossoming altar of Fedhas.
  1341 | D        | Found a stormy altar of Qazlal.
  1341 | D        | Found a snail-covered altar of Cheibriados.
  1341 | D        | Found a burning altar of Makhleb.
  1341 | D        | Found a shimmering altar of Xom.
  1342 | D        | Found a hazy altar of Hepliaklqana.
  1342 | D        | Found an opulent altar of Gozag.
  1342 | D        | Found a sparkling altar of Nemelex Xobeh.
  1342 | D        | Found a corrupted altar of Lugonu.
  1342 | D        | Found a viscous altar of Jiyva.
  1345 | D        | Reached *** piety under Wu Jian
  1345 | D        | Reached skill level 5 in Poison Magic
  1382 | D        | Noticed Josephine
  1386 | D        | Killed Josephine
  1386 | D        | Reached XP level 9. HP: 56/85 MP: 12/18
  1396 | D        | Learned a level 4 spell: Petrify
  1680 | D        | Noticed a centaur warrior
  1682 | D        | Reached **** piety under Wu Jian
  1682 | D        | Reached skill level 10 in Fighting
  1682 | D        | Reached skill level 1 in Earth Magic
  1687 | D        | Killed a centaur warrior
  1687 | D        | Reached skill level 10 in Unarmed Combat
  1687 | D        | Reached skill level 10 in Transmutations
  1687 | D        | Reached skill level 5 in Ice Magic
  1965 | D        | Killed an unseen horror
  2288 | D        | Noticed a queen bee
  2301 | D        | Reached ***** piety under Wu Jian
  2420 | D        | Reached ****** piety under Wu Jian
  2422 | D        | Reached XP level 10. HP: 71/95 MP: 15/20
  3328 | D        | Noticed a spiny frog
  3328 | D        | Noticed a spiny frog
  3329 | D        | Killed a spiny frog
  3330 | D        | Killed a spiny frog
  3717 | D        | Learned a level 5 spell: Yara's Violent Unravelling
  4258 | D        | Noticed a lindwurm
  4261 | D        | Killed a lindwurm
  4261 | D        | Reached skill level 1 in Hexes
  4323 | D        | Noticed Urug
  4331 | D        | Killed Urug
  4331 | D        | Reached XP level 11. HP: 16/105 MP: 18/22
  4662 | D        | Noticed an eight-headed hydra
  4662 | D        | Noticed a four-headed hydra
  4666 | D        | Killed a five-headed hydra
  4667 | D        | Killed a ten-headed hydra
  4668 | D        | Noticed a death drake
  4674 | D        | Killed a death drake
  4962 | D        | Learned a level 1 spell: Confusing Touch
  5505 | D        | Got a scorched hunting sling
  5740 | D        | Found a blossoming altar of Fedhas.
  5740 | D        | Noticed a spriggan druid
  5746 | D        | Killed a spriggan druid
  5965 | D        | Noticed an anaconda
  5965 | D        | Noticed an anaconda
  5970 | D        | Killed an anaconda
  5970 | D        | Reached skill level 5 in Earth Magic
  5974 | D        | Killed an anaconda
  6155 | D        | Noticed an anaconda
  6162 | D        | Killed an anaconda
  6349 | D        | Noticed an anaconda
  6349 | D        | Noticed an anaconda
  6352 | D        | Killed an anaconda
  6355 | D        | Killed an anaconda
  6356 | D        | Reached XP level 12. HP: 63/115 MP: 19/24
  6645 | D        | Learned a level 3 spell: Confuse
  6656 | D        | Noticed a naga warrior
  6656 | D        | Noticed a nagaraja
  6660 | D        | Found Routs's Food Shop.
  6660 | D        | Found Wenitiat's Antique Weapon Shoppe.
  6661 | D        | Found Quudgh's Gadget Boutique.
  6663 | D        | Slain by a naga warrior

Vault maps used:
D:        dungeon_sprint_mu

Skill      XL: |  1  2  3  4  5  6  7  8  9 10 11 |
---------------+----------------------------------+-----
Dodging        | 2 3 4 5 6 7 8 |  8.8
Fighting       | 2 3 4 6 8 9 11 12 13 | 13.9
Stealth        | 1 2 3 4 5 6 7 8 9 |  9.3
Unarmed Combat | 4 5 6 7 8 9 10 11 13 | 13.2
Transmutations | 3 4 5 6 7 8 9 10 11 13 | 13.1
Spellcasting   | 3 4 5 6 7 8 |  8.9
Poison Magic   | 1 2 3 4 5 6 7 9 |  9.0
Ice Magic      | 2 3 4 5 6 8 |  8.3
Earth Magic    | 2 4 5 |  5.6
Hexes          | 1 4 |  4.3

Action                   |  1- 3 |  4- 6 |  7- 9 | 10-12 || total
-------------------------+-------+-------+-------+-------++-------
Melee: Unarmed           |    29 |    22 |    51 |   230 ||   332
       Kick              |     4 |       |    12 |    43 ||    59
       Tailslap          |     2 |       |     3 |    22 ||    27
       Headbutt          |     1 |       |       |       ||     1
       Punch             |       |       |     2 |    10 ||    12
       Peck              |       |       |     7 |    30 ||    37
 Cast: Beastly Appendage |     2 |       |       |       ||     2
       Sticks to Snakes  |     4 |     1 |       |       ||     5
       Spider Form       |     2 |     3 |       |       ||     5
       Blade Hands       |       |       |    11 |    23 ||    34
       Petrify           |       |       |       |     5 ||     5
       Ice Form          |       |       |       |     2 ||     2
       Confusing Touch   |       |       |       |     1 ||     1
Invok: Serpent's Lash    |       |       |       |    10 ||    10
       Heavenly Storm    |       |       |       |     3 ||     3
 Abil: Breathe Lightning |       |       |     2 |     2 ||     4
  Use: Potion            |     2 |     3 |       |     1 ||     6
       Scroll            |       |     1 |     3 |     1 ||     5
 Stab: Sleeping          |     1 |     2 |     4 |     6 ||    13
       Distracted        |       |       |     2 |     1 ||     3
       Confused          |       |       |       |     1 ||     1
  Eat: Chunk             |       |     1 |     5 |     6 ||    12
       Fruit             |       |       |     2 |       ||     2
       Bread ration      |       |       |     1 |       ||     1
       Royal jelly       |       |       |       |     4 ||     4
       Meat ration       |       |       |       |     1 ||     1
Armor: Skin              |     2 |     1 |    10 |    20 ||    33
Dodge: Dodged            |    16 |    41 |    44 |   141 ||   242

Table legend:
 A = Spawn XP
 B = Non-spawn XP
 C = Spawn XP percentage of total XP
 D = Spawn monster count
 E = Non-spawn monster count
 F = Spawn count percentage of total count
 G = Total turns spent on level
                    A         B        C        D         E        F      G
               +---------+---------+-------+---------+---------+-------+---------
         Total |       0 |   22757 |   0.0 |       0 |     103 |   0.0 |  6663
               +---------+---------+-------+---------+---------+-------+---------
             D |       0 |   22757 |   0.0 |       0 |     103 |   0.0 |  6663
               +---------+---------+-------+---------+---------+-------+---------
